 Dungeon Crawl Stone Soup version 0.30-a0-622-gddc90eaa04 (webtiles) character file.

Game seed: 6608934997426205491

30 Leeroy the Sneak (level 3, -1/19 HPs)
             Began as a Kobold Enchanter on Jan 10, 2023.
             Slain by a gnoll
             ... wielding a +0 whip
              (6 damage)
             ... on level 1 of the Dungeon.
             The game lasted 00:02:51 (1334 turns).

Leeroy the Sneak (Kobold Enchanter)                 Turns: 1334, Time: 00:02:52

Health: -1/19      AC:  4    Str:  5    XL:     3   Next: 35%
Magic:  0/6        EV: 15    Int: 16    God:
Gold:   104        SH:  0    Dex: 17    Spells: 1/6 levels left

rFire   . . .      SeeInvis .    a - +1 dagger
rCold   . . .      Faith    .    (no shield)
rNeg    . . .      Spirit   .    b - +0 robe
rPois   .          Reflect  .    i - +0 helmet
rElec   .          Harm     .    (no cloak)
rCorr   .          Rampage  .    g - +0 pair of gloves
Will    .....                    (no boots)
Stlth   ++++                     (no amulet)
HPRegen 0.23/turn                (no ring)
MPRegen 0.10/turn                (no ring)

@: no status effects
A: small, no large weapons, nightstalker 3
a: no special abilities


You were on level 1 of the Dungeon.
You visited 1 branch of the dungeon, and saw 2 of its levels.

You collected 104 gold pieces.

Inventory:

Hand Weapons
 a - a +1 dagger (weapon)
Armour
 b - a +0 robe (worn)
 g - a +0 pair of gloves (worn)
 i - a +0 helmet (worn)
Jewellery
 j - a +6 ring of intelligence
Scrolls
 e - 3 scrolls of identify {unknown}
 h - a scroll of immolation {unknown}
 k - a scroll of acquirement {unknown}
 l - a scroll of poison {unknown}
Potions
 c - a potion of invisibility
 d - a potion of cancellation {unknown}
 f - a potion of flight {unknown}
 m - a potion of curing {unknown}


   Skills:
 - Level 1.3 Short Blades
 - Level 2.4 Dodging
 + Level 5.9 Stealth
 - Level 2.1 Spellcasting
 - Level 3.0 Hexes


You had one spell level left.
You knew the following spells:

 Your Spells              Type           Power      Damage    Failure   Level
a - Ensorcelled Hibernat  Hex/Ice        12%        N/A       17%         2
b - Dazzling Flash        Conj/Hex       12%        N/A       32%         3

Your spell library contained the following spells:

 Spells                   Type           Power      Damage    Failure   Level
 Confusing Touch          Hex            11%        N/A       19%         3
 Tukima's Dance           Hex            11%        N/A       19%         3


Dungeon Overview and Level Annotations

Branches:
Dungeon (2/15)

Altars:

Shops:
D:1 =


Innate Abilities, Weirdness & Mutations

You are small and have problems with some larger weapons.
You are completely attuned to the shadows.


Message History

Aiming: Ensorcelled Hibernation (safe; 17% risk of failure)
Press: ? - help, Shift-Dir - straight line, f - gnoll
Aim: a gnoll, wielding a +0 whip (wandering, hasn't noticed you, chance to affect: 49%)
You miscast Ensorcelled Hibernation.
You are very lightly contaminated with residual magic.
Nothing appears to happen.
The gnoll shouts!
Casting: Ensorcelled Hibernation (safe; 17% risk of failure)
Confirm with . or Enter, or press ? or * to list all spells.
Aiming: Ensorcelled Hibernation (safe; 17% risk of failure)
Press: ? - help, Shift-Dir - straight line, f/p - gnoll
Aim: a gnoll, wielding a +0 whip (chance to affect: 49%)
The gnoll resists with some effort.
The gnoll barely misses you.
Casting: Ensorcelled Hibernation (safe; 17% risk of failure)
Confirm with . or Enter, or press ? or * to list all spells.
Aiming: Ensorcelled Hibernation (safe; 17% risk of failure)
Press: ? - help, Shift-Dir - straight line, f/p - gnoll
Aim: a gnoll, wielding a +0 whip (chance to affect: 49%)
The gnoll resists with some effort.
The gnoll hits you with a +0 whip!
There is an open door here.
The gnoll attacks as you move away! The gnoll hits you with a +0 whip.
Your magical contamination has completely faded away.
There is an open door here.
The gnoll attacks as you move away! The gnoll completely misses you.
There is an open door here.
The gnoll attacks as you move away! The gnoll closely misses you.
There is an open door here.
The gnoll attacks as you move away! The gnoll barely misses you.
Casting: Ensorcelled Hibernation (safe; 17% risk of failure)
Confirm with . or Enter, or press ? or * to list all spells.
Aiming: Ensorcelled Hibernation (safe; 17% risk of failure)
Press: ? - help, Shift-Dir - straight line, f/p - gnoll
Aim: a gnoll, wielding a +0 whip (chance to affect: 49%)
The gnoll resists with some effort.
The gnoll barely misses you. The gnoll attacks as you move away!
The gnoll hits you with a +0 whip.
There is an open door here.
The gnoll attacks as you move away! The gnoll hits you with a +0 whip.
* * * LOW HITPOINT WARNING * * *
The gnoll attacks as you move away! The gnoll hits you with a +0 whip.
You die...

...#######...#.#....'............
##...........#.#....#..........#.
##..................###'##...#...
##...........#......###......#...
##..............#.....#####..#...
#.............#...###.#......#...
#.............'.......#..........
#.###'#)#####.#g..........#..###.
#.###.#...# #.##@######..........
..#.......# #.##.# #.#.######.
###.#########.##.# #.#.##...#.
PPP.....PPPP#.##'######+#'##.#.#.
.......PPPPP#.#............#.#.#.
..P.P...PPPP#.'............#.#.#.
......P..PPP###............'.#.##
...PP....PPP###............###...
..P.....P.PP#.'.>............#...


You could see a gnoll.

Vanquished Creatures
  A dart slug (D:1)
  A ball python (D:1)
  An endoplasm (D:2)
  A giant cockroach (D:1)
  2 goblins (D:1)
  2 hobgoblins (D:1)
  4 jackals (D:1)
  3 kobolds (D:1)
  2 quokkas (D:1)
  4 bats (D:1)
  3 rats (D:1)
24 creatures vanquished.

Vanquished Creatures (others)
  72 plants (D:1)
72 creatures vanquished.

Grand Total: 96 creatures vanquished

Notes
Turn   | Place    | Note
-------+----------+-------------------------------------------
     0 | D:1      | Leeroy the Kobold Enchanter began the quest for the Orb.
     0 | D:1      | Reached XP level 1. HP: 10/10 MP: 3/3
   197 | D:1      | Reached XP level 2. HP: 15/15 MP: 5/5
   220 | D:1      | Reached skill level 5 in Stealth
   592 | D:1      | Reached XP level 3. HP: 19/19 MP: 6/6
   740 | D:1      | Found Wyrett's Jewellery Shoppe.
  1212 | D:1      | Learned a level 2 spell: Ensorcelled Hibernation
  1216 | D:1      | Learned a level 3 spell: Dazzling Flash
  1334 | D:1      | Slain by a gnoll

Illustrated notes

Levels and vault maps discovered:
D:1:      roderic_crop_circles_arrival_small, layout_basic, serial_shops, shop,
          minmay_misc_feat_rugged
D:2:      layout_loops_ring, kennysheep_generic_room_14, uniq_natasha,
          uniq_jessica, uniq_terence

Skill      XL: |  1  2 |
---------------+-------+-----
Stealth        | 5 |  5.9
Short Blades   | |  1.3
Dodging        | |  2.4
Spellcasting   | |  2.1
Hexes          | |  3.0

Action                   || total
-------------------------++-------
Melee: Dagger            ||    83
       Punch             ||     1
 Cast: Ensorcelled Hiber ||     3
  Use: Potion            ||     1
 Stab: Sleeping          ||     9
Armor: Robe              ||    25
Dodge: Dodged            ||    84

Table legend: (Time is in decaauts)
 A = Elapsed time spent in this place.
 B = Non-inter-level travel time spent in this place.
 C = Inter-level travel time spent in this place.
 D = Time resting spent in this place.
 E = Time spent auto-exploring this place.
 F = Levels seen in this place.
 G = Mean time per level.
                   A        B        C        D        E       F      G
               +--------+--------+--------+--------+--------+-----+--------+
         Total |   1328 |   1163 |    165 |     14 |    851 |   2 |  664.0 |
       Dungeon |   1328 |   1163 |    165 |     14 |    851 |   2 |  664.0 |
               +--------+--------+--------+--------+--------+-----+--------+

Top non-repeatable levels by time:
     D:1: 1323 daAuts
     D:2: 5 daAuts
